 Dungeon Crawl Stone Soup version 0.17.1-3-g152610e (webtiles) character file.

427550 Goblin1989 the Executioner (level 22, -7/213 HPs)
             Began as a Deep Dwarf Gladiator on Mar 21, 2016.
             Was the Champion of Makhleb.
             Mangled by a caustic shrike (28 damage)
             ... on level 2 of the Depths on Mar 25, 2016.
             The game lasted 05:06:10 (47798 turns).

Goblin1989 the Executioner (Deep Dwarf Gladiator)  Turns: 47798, Time: 05:06:10

Health: -7/213     AC:  7    Str: 32    XL:     22   Next: 77%
Magic:  22/22      EV: 17    Int:  9    God:    Makhleb [******]
Gold:   1599       SH:  0    Dex: 17    Spells: 4 memorised, 0 levels left

rFire  + + .     SeeInvis .     a - +4 executioner's axe (venom)
rCold  + + +     Clarity  .     v - +2 plate armour {rF+}
rNeg   + . .     SustAt   .     (shield currently unavailable)
rPois  +         Gourm    .     c - +0 helmet
rElec  +         Spirit   .     M - +0 cloak of Lobb {rElec Str+3}
rCorr  .         Warding  .     p - +3 pair of gloves of the Pure Seas {rPois rC+++ Str-2 Dex+4}
rMut   +         Stasis   .     Q - +2 pair of boots
MR     +++..                    j - amulet "Pecozol" {rMut Str+2 Slay+3}
Stlth  ..........               P - ring of protection from fire
                                l - +6 ring of slaying

@: corroded equipment, non-regenerating, extremely resistant to hostile
enchantments, extremely unstealthy
A: damage resistance, recharge devices, negative energy resistance 1, sense
surroundings 3, slow regeneration 3
a: Device Recharging, Minor Destruction, Lesser Servant of Makhleb, Major
Destruction, Greater Servant of Makhleb, Renounce Religion
}: 2/15 runes: serpentine, barnacled


You were on level 2 of the Depths.
You worshipped Makhleb.
Makhleb was exalted by your worship.
You were not hungry.

You visited 9 branches of the dungeon, and saw 45 of its levels.
You visited the Abyss 2 times.
You also visited: Ice Cave and Volcano.

You collected 5248 gold pieces.
You spent 3649 gold pieces at shops.

Inventory:

Hand Weapons
 a - a +4 executioner's axe of venom (weapon)
 b - the +6 arbalest "Hellfire" {hellfire, rF++ rC- MR+}
   (You bought it in a shop on level 2 of the Vaults)

   It greatly protects you from fire.
   It makes you vulnerable to cold.
   It affects your resistance to hostile enchantments.
Missiles
 J - 693 bolts (quivered)
Armour
 c - a +0 helmet (worn)
 p - the +3 pair of gloves of the Pure Seas (worn) {rPois rC+++ Str-2 Dex+4}
   (You found it on level 7 of the Dungeon)

   It affects your strength (-2).
   It affects your dexterity (+4).
   It renders you almost immune to cold.
   It protects you from poison.
 v - a +2 plate armour of fire resistance (worn)
 M - the +0 cloak of Lobb (worn) {rElec Str+3}
   (You found it on level 8 of the Lair of Beasts)

   It affects your strength (+3).
   It insulates you from electricity.
 Q - a +2 pair of boots (worn)
Jewellery
 j - the amulet "Pecozol" (around neck) {rMut Str+2 Slay+3}
   (You bought it in a shop on level 5 of the Dungeon)

   [amulet of resist mutation]

   It protects you from mutation.
   It affects your strength (+2).
   It affects your accuracy and damage with ranged weapons and melee attacks
   (+3).
 l - a +6 ring of slaying (left hand)
 r - an uncursed ring of positive energy
 D - an uncursed ring of see invisible
 H - an uncursed ring of sustain attributes
 N - the ring of Qubuyx {+Fly Stlth-}
   (You took it off a deep elf demonologist on level 1 of the Elven Halls)

   [ring of loudness]

   It lets you fly.
   It makes you less stealthy.
 P - a ring of protection from fire (right hand)
 U - the amulet of Hard Scrabble {rCorr Slay+5}
   (You found it on level 3 of the Elven Halls)

   [amulet of resist corrosion]

   It protects you from acid and corrosion.
   It affects your accuracy and damage with ranged weapons and melee attacks
   (+5).
Wands
 e - a wand of heal wounds (7)
 C - a wand of digging (14)
Scrolls
 d - 3 scrolls of identify
 g - 8 scrolls of blinking
 h - 3 scrolls of enchant armour
 n - 3 scrolls of magic mapping
 o - 7 scrolls of recharging
 q - 19 scrolls of remove curse
 u - 6 scrolls of fog
 x - 6 scrolls of fear
 y - 4 scrolls of immolation
 z - 2 scrolls of holy word
 A - 13 scrolls of teleportation
 X - 6 scrolls of silence
Potions
 i - 9 potions of heal wounds
 s - 3 potions of resistance
 F - 19 potions of curing
 G - 4 potions of cancellation
 K - 2 potions of cure mutation
 L - a potion of ambrosia
 T - 8 potions of haste
 W - 3 potions of agility
Miscellaneous
 t - a fan of gales
 B - a legendary deck of changes {the Alchemist, drawn: 1}
 E - a legendary deck of changes {the Helm}
 I - a legendary deck of summoning {Foxfire, drawn: 2}
 O - a legendary deck of defence {the Tomb}
 S - a lamp of fire
 V - a disc of storms
Comestibles
 f - 25 bread rations
 k - 4 fruits
 m - 7 royal jellies
 w - 11 slices of pizza
 R - 6 beef jerkies
 Y - 2 meat rations


   Skills:
 + Level 16.2 Fighting
 * Level 25.7 Axes
 + Level 10.9 Crossbows
 - Level 1.7 Throwing
 - Level 16.2 Armour
 + Level 12.6 Dodging
 - Level 13.1 Invocations
 - Level 19.2 Evocations


You couldn't memorise any spells.
You knew the following spells:

 Your Spells              Type           Power        Failure   Level  Hunger
a - Apportation           Tloc           #.........   99%         1    ##.....
b - Haste                 Chrm           #.......     100%        6    #######
c - Deflect Missiles      Chrm/Air       #.........   100%        6    #######
d - Necromutation         Trmt/Necr      #.........   100%        8    #######


Dungeon Overview and Level Annotations

Branches:
Dungeon (15/15)            Temple (1/1) D:7            Lair (8/8) D:10
 Shoals (4/4) Lair:4        Snake (4/4) Lair:4        Slime (0/6) Lair:7
    Orc (4/4) D:11            Elf (3/3) Orc:3        Vaults (4/5) D:14
  Crypt (0/3) Vaults:2     Depths (2/5) D:15

Altars:
Ashenzari
Cheibriados
Dithmenos
Elyvilon
Fedhas
Gozag
Kikubaaqudgha
Makhleb
Nemelex Xobeh
Okawaru
Qazlal
Ru
Sif Muna
Trog
Vehumet
Xom
Yredelemnul
Zin
The Shining One
Beogh

Shops:
D:5 }**}=   D:7 %   D:8 ?   D:9 ?   Orc:4 =?}[[*   Shoals:1 (   Snake:2 ([%(
Snake:4 (   Vaults:2 (   Depths:1 *

Portals:
Hell: Depths:1
Abyss: Depths:1

Annotations:
D:7 exclusion: downstairs
Lair:1 exclusion: 4 oklob plants
Elf:3 exclusions: 2 doors and 1 more exclusion


Innate Abilities, Weirdness & Mutations

You are resistant to damage.
You can recharge devices by infusing magical energy.
You resist negative energy.
You passively map a large area around you.
You do not regenerate naturally.


Message History

The caustic shrike closely misses you.
The caustic shrike claws you but does no damage.
The caustic shrike claws you!
You are splashed with acid!
The acid corrodes you!
The acid burns!
You hit the caustic shrike but do no damage.
The caustic shrike is almost dead.
You slash the caustic shrike!
The caustic shrike is almost dead.
You slice the caustic shrike!!
The caustic shrike is heavily wounded.
The caustic shrike barely misses you. The caustic shrike claws you!!
* * * LOW HITPOINT WARNING * * *
You are splashed with acid!
The acid corrodes you!
The acid burns!
* * * LOW HITPOINT WARNING * * *
The caustic shrike claws you!!
* * * LOW HITPOINT WARNING * * *
You are splashed with acid!
The acid corrodes you!
The acid burns!
* * * LOW HITPOINT WARNING * * *
The caustic shrike claws you!!
You die...

..# #....#, , , ,
#.⌠.. ..# ,,*
#....# , ,,,
,#...) ..#* +**
##''##, ,, #####
..##++##, ⌠
##''## , , *
..#....# ,*
#....# ,, ,', ,
..#....# , #..8.#
,,, ,, ..#.)..# ,
#....# .)'.≈..#
##...## ,,,, , ,
# ..'.≈≈.## +
#..@b# ** ',,#
..##....#,,
,###bbD...# , ,
## ...#.≈..##,
##...⌠.++ 8 , ##.
.+##.≈≈..# ,
,**.....+ , ##..
#+.##....##
##...# , ###...
../.#.....# ,,
++#######...##
....##....##* ,
*........#.....
#....##..''###,,,
#.8#..''...#
#...#[###''..###
...##...[#.###


You could see a shadow dragon and 3 caustic shrikes.

Vanquished Creatures
  Saint Roka (Vaults:2)
  A caustic shrike (shapeshifter) (D:15)
  Nikola (Snake:4)
  A golden dragon (Depths:2)
  A lich (Vaults:1)
  A deep elf blademaster (Elf:3)
  2 deep elf master archers (Elf:3)
  4 tentacled starspawn
  An Executioner (Abyss:1)
  2 sphinxes
  A tengu reaver (Depths:1)
  Ilsuiw (Shoals:4)
  4 frost giants
  7 fire giants
  5 greater nagas
  Donald (Vaults:4)
  An orc warlord (Orc:3)
  5 deep elf sorcerers (Elf:3)
  Aizul (Snake:3)
  2 balrugs
  8 vault wardens
  An angel (Abyss:1)
  A ghoul (Vaults:1)
  A draconian annihilator (Abyss:2)
  8 very ugly things
  11 stone giants
  6 ironheart preservers
  A vampire knight (Depths:1)
  Nessos (D:12)
  6 deep elf demonologists
  2 salamander stormcallers
  15 deep elf annihilators
  6 fire dragons
  7 ettins
  10 vault guards
  3 merfolk javelineers
  6 deep elf death magi
  17 ogre magi
  2 jiangshi (Depths:1)
  6 merfolk impalers
  Josephine (Lair:4)
  5 yaktaur captains
  4 great orbs of eyes
  3 ice dragons
  4 minotaurs (Vaults:1)
  6 deep elf high priests
  12 hydras
  The ghost of inmateoo the Basher, a journeyman GrIE of Okawaru (D:12)
  An entropy weaver (Depths:2)
  20 naga warriors
  2 merfolk avatars (Shoals:2)
  An alligator snapping turtle (Shoals:4)
  8 anacondas
  4 merfolk aquamancers
  A satyr (shapeshifter) (Vaults:1)
  16 centaur warriors
  2 vampire magi
  17 dancing weapons (Elf:2)
  3 satyrs
  3 death yaks (Lair:7)
  6 deep troll earth magi
  6 tengu warriors
  A queen ant (Lair:6)
  3 deep troll shamans
  2 thrashing horrors (Abyss:2)
  An orc high priest (Elf:1)
  Urug (Vaults:1)
  30 deep elf knights
  10 naga sharpshooters
  4 shock serpents
  Nergalle (Orc:4)
  5 fire crabs
  3 wretched stars
  2 shadow wraiths (Vaults:1)
  2 iron trolls (Depths:2)
  2 sun demons (Depths:1)
  2 flayed ghosts (Vaults:4)
  9 large abominations
  2 skeletal warriors (Vaults:2)
  A spatial maelstrom (Abyss:2)
  4 hell knights (Vaults:1)
  3 salamander mystics
  26 sea snakes
  4 unseen horrors
  An ice devil (IceCv)
  16 deep elf summoners
  An unseen horror (shapeshifter) (Elf:2)
  9 ironbrand convokers
  A giant orange brain (Vaults:4)
  7 naga ritualists
  11 deep trolls
  6 hill giants
  7 necromancers
  5 orc knights
  11 deep elf conjurers
  8 mana vipers
  7 wizards
  8 manticores
  8 salamanders
  A human zombie (Vaults:1)
  2 hornets
  A harpy (shapeshifter) (Depths:1)
  9 harpies
  23 fauns
  A wolf spider zombie (D:14)
  A sixfirhy (Abyss:2)
  4 water nymphs
  46 ugly things
  An orb spider (Abyss:2)
  7 griffons
  10 orc sorcerers
  4 wolf spiders
  A worldbinder (Abyss:2)
  An apocalypse crab (Abyss:2)
  4 guardian serpents
  2 frost giant skeletons (Vaults:2)
  13 cyclopes
  A spiny frog (shapeshifter) (Vaults:4)
  Maurice (Orc:3)
  23 black mambas
  16 vault sentinels
  An orange demon (Abyss:2)
  Joseph (D:8)
  2 fire giant skeletons (Vaults:2)
  An elephant (shapeshifter) (Depths:2)
  4 elephants
  2 ice statues (IceCv)
  6 sirens
  A rust devil (Abyss:2)
  A gargoyle (D:15)
  22 naga magi
  13 spiny frogs
  6 kobold demonologists (Vaults:1)
  A komodo dragon (shapeshifter) (Vaults:1)
  13 yaktaurs
  A tengu conjurer (D:14)
  6 ancient zymes
  14 komodo dragons
  6 smoke demons
  A fire drake (Lair:7)
  A hellwing (Abyss:2)
  A queen bee (D:11)
  11 human skeletons
  4 efreet
  7 trolls
  13 deep elf priests
  2 yaktaur skeletons (Vaults:2)
  2 jumping spiders
  9 blue devils (IceCv)
  3 polar bears
  14 merfolk
  12 snapping turtles
  A queen bee (shapeshifter) (D:13)
  A troll (shapeshifter) (Elf:2)
  A wind drake (Shoals:2)
  9 raiju
  13 slime creatures
  22 two-headed ogres
  2 freezing wraiths
  5 boulder beetles
  24 blink frogs
  A spriggan (shapeshifter) (Vaults:4)
  A tarantella (shapeshifter) (Vaults:3)
  3 centaur simulacra
  A fire giant simulacrum (Vaults:2)
  2 ettin skeletons (Vaults:2)
  41 yaks
  39 deep elf magi
  A tarantella (Vaults:3)
  A trapdoor spider (shapeshifter) (Vaults:1)
  2 wyverns
  3 shadows (D:13)
  6 redbacks
  4 vampires
  2 basilisks
  A trapdoor spider (D:12)
  9 water elementals
  2 ynoxinuls (Abyss:2)
  8 wraiths
  12 hippogriffs
  A hungry ghost (D:14)
  A basilisk (shapeshifter) (Vaults:4)
  A yaktaur simulacrum (Vaults:1)
  2 chaos spawn (Abyss:2)
  A fire elemental (D:15)
  19 humans (Vaults:1)
  50 nagas
  15 wolves
  A human (shapeshifter) (Vaults:3)
  A mottled dragon (shapeshifter) (Vaults:3)
  60 deep elf fighters
  18 vampire mosquitoes
  10 wargs
  9 water moccasins
  5 mottled dragons
  10 ice beasts
  An ogre skeleton (Vaults:1)
  25 orc warriors
  15 soldier ants
  A spider (shapeshifter) (Elf:2)
  7 boggarts
  5 phantoms
  A black bear (shapeshifter) (Vaults:2)
  An eye of draining (shapeshifter) (D:13)
  2 eyes of draining
  12 porcupines
  21 centaurs
  A necrophage (D:9)
  2 sky beasts
  3 black bears
  An orc skeleton (Vaults:2)
  2 elf skeletons
  A crocodile (shapeshifter) (D:15)
  2 brain worms
  43 ogres
  4 big kobolds
  16 crocodiles
  The ghost of Shufflesack the Magician, an amateur DEWz (D:5)
  16 giant frogs
  A big kobold (shapeshifter) (Vaults:4)
  2 water moccasin zombies
  2 wyvern zombies
  2 gnoll sergeants
  3 scorpions
  11 small abominations
  3 wights (D:12)
  38 killer bees
  2 electric eels
  A human simulacrum (Vaults:2)
  5 quasits
  A wasp zombie (D:14)
  11 crimson imps
  10 hounds
  11 starcursed masses (Abyss:1)
  2 giant frog zombies (D:10)
  A gnoll shaman (D:5)
  22 orc priests
  4 jellies
  53 orc wizards
  3 centaur zombies
  3 giant frog skeletons
  An iron imp (Abyss:1)
  4 centaur skeletons
  9 iguanas
  43 worker ants
  14 sheep
  2 hound zombies
  15 gnolls
  9 adders
  64 river rats
  4 shadow imps
  13 white imps
  8 ufetubi
  6 oozes
  3 worms
  5 giant geckos
  197 orcs
  3 ball pythons
  9 giant cockroaches
  10 hobgoblins
  11 jackals
  6 quokkas
  9 bats
  A giant gecko skeleton (D:8)
  4 giant newts
  11 goblins
  12 kobolds
  A quokka skeleton (D:6)
  10 rats
  15 crawling corpses
  14 fungi
  A lurking horror (Abyss:2)
  17 plants
  7 starspawn tentacles
2197 creatures vanquished.

Vanquished Creatures (collateral kills)
  Norris (Snake:2)
  2 very ugly things (Depths:2)
  An ironheart preserver (Vaults:1)
  Snorg (Orc:3)
  A merfolk impaler (Shoals:4)
  A minotaur (Vaults:1)
  The ghost of Malhgor the Cleaver, a journeyman DDFi of Makhleb (Orc:1)
  A deep elf high priest (Elf:3)
  A naga warrior (Snake:4)
  Erolcha (Orc:2)
  A hydra (D:13)
  A shock serpent (Snake:4)
  Sonja (D:13)
  A sea snake (Snake:4)
  An orc knight (Vaults:1)
  A hill giant (D:11)
  A wolf spider (Vaults:1)
  A vault sentinel (Vaults:1)
  A centaur zombie (D:12)
  A naga mage (Snake:4)
  A centaur skeleton (D:11)
  3 slime creatures (D:13)
  A snapping turtle (Shoals:4)
  4 yaks (D:12)
  A deep elf mage (D:10)
  A hungry ghost (D:13)
  4 nagas (Snake:4)
  3 orc warriors
  A phantom (D:12)
  A centaur (D:13)
  A killer bee (D:10)
  3 orc priests
  3 orc wizards
  A worker ant (D:11)
  A white imp (D:13)
  An adder (D:12)
  10 orcs
61 creatures vanquished.

Vanquished Creatures (others)
  3 deep elf knights
  An unseen horror (D:15)
  2 wizards (Vaults:1)
  A deep elf priest (Elf:1)
  An ogre (Vaults:2)
  An orc priest (Elf:1)
  An orc wizard (Elf:1)
  A white imp (IceCv)
  3 ufetubi (IceCv)
  2 crawling corpses
  5 fungi
  A lurking horror (Abyss:2)
  7 plants
  11 starspawn tentacles
  325 starspawn tentacle segments
365 creatures vanquished.

Grand Total: 2623 creatures vanquished

Notes
Turn   | Place    | Note
--------------------------------------------------------------
     0 | D:1      | Goblin1989 the Deep Dwarf Gladiator began the quest for the Orb.
     0 | D:1      | Reached XP level 1. HP: 19/19 MP: 1/1
   389 | D:1      | Reached XP level 2. HP: 26/26 MP: 2/2
   412 | D:1      | Reached skill level 4 in Axes
   932 | D:2      | Reached XP level 3. HP: 25/32 MP: 3/3
   964 | D:2      | Found an ancient bone altar of Kikubaaqudgha.
  1111 | D:2      | Reached skill level 5 in Axes
  1222 | D:2      | Found a glowing golden altar of the Shining One.
  1358 | D:2      | Found a faded altar to an unknown god.
  1521 | D:3      | Reached XP level 4. HP: 20/39 MP: 4/4
  1790 | D:3      | Found a bloodstained altar of Trog.
  1795 | D:3      | Reached skill level 1 in Evocations
  1941 | D:4      | Learned a level 1 spell: Apportation
  1999 | D:4      | Reached XP level 5. HP: 40/45 MP: 6/6
  2137 | D:4      | Found a sparkling altar of Nemelex Xobeh.
  2329 | D:4      | Reached skill level 6 in Axes
  2631 | D:5      | Entered Level 5 of the Dungeon
  2631 | D:5      | Noticed Shufflesack's ghost (amateur DEWz)
  2633 | D:5      | Noticed an ogre
  2637 | D:5      | Got a transparent ring mail
  2638 | D:5      | Found Adghol's Gadget Emporium.
  2657 | D:5      | Killed Shufflesack's ghost
  2657 | D:5      | Reached XP level 6. HP: 40/52 MP: 9/9
  2668 | D:5      | Identified the cursed +1 ring mail of Lesser Demons {+Fly Str-5 Dex+9} (You found it on level 5 of the Dungeon)
  2705 | D:5      | Killed an ogre
  2727 | D:5      | Reached skill level 7 in Axes
  2731 | D:5      | Reached skill level 5 in Evocations
  2802 | D:5      | Found Apnull's Gadget Emporium.
  2889 | D:5      | Found Xouvoab's Jewellery Shoppe.
  2911 | D:5      | Reached XP level 7. HP: 20/58 MP: 11/11
  2984 | D:6      | Found an iron altar of Okawaru.
  3228 | D:6      | Found a sacrificial altar of Ru.
  3404 | D:6      | Reached skill level 8 in Axes
  3557 | D:5      | Noticed an ogre
  3576 | D:5      | Killed an ogre
  3633 | D:5      | Reached XP level 8. HP: 29/66 MP: 11/11
  3835 | D:5      | Found Ranguskahac's General Store.
  3842 | D:5      | Found Ingismurph's General Store.
  3843 | D:5      | Bought a scroll of magic mapping for 42 gold pieces
  4095 | D:7      | Got a pair of smoking gloves
  4103 | D:7      | Identified the +3 pair of gloves of the Pure Seas {rPois rC+++ Str-2 Dex+4} (You found it on level 7 of the Dungeon)
  4132 | D:7      | Reached skill level 9 in Axes
  4302 | D:7      | Reached skill level 1 in Armour
  4518 | D:7      | Found a staircase to the Ecumenical Temple.
  4527 | Temple   | Entered the Ecumenical Temple
  4623 | D:7      | Found Zuann's Food Shoppe.
  4993 | D:8      | Found Avex's Magic Scroll Shoppe.
  5012 | D:8      | Found a sacrificial altar of Ru.
  5050 | D:8      | Found a burning altar of Makhleb.
  5050 | D:8      | Found a shadowy altar of Dithmenos.
  5055 | D:8      | Became a worshipper of Makhleb the Destroyer
  5138 | D:8      | Gained mutation: You passively map the area around you. [Deep Dwarf growth]
  5138 | D:8      | Reached XP level 9. HP: 60/73 MP: 13/13
  5246 | D:8      | Noticed Joseph
  5257 | D:8      | Killed Joseph
  5257 | D:8      | Reached skill level 10 in Axes
  5257 | D:8      | Reached skill level 10 in Evocations
  5472 | D:8      | Reached * piety under Makhleb
  5594 | D:8      | Reached skill level 5 in Armour
  5815 | D:8      | Noticed a centaur warrior
  5892 | D:9      | Reached skill level 1 in Invocations
  5953 | D:9      | Reached skill level 11 in Evocations
  6117 | D:9      | Reached ** piety under Makhleb
  6176 | D:9      | Found Lodgheto's Magic Scroll Emporium.
  6263 | D:9      | Reached XP level 10. HP: 78/81 MP: 13/13
  6690 | D:10     | Entered Level 10 of the Dungeon
  7059 | D:10     | Found a staircase to the Lair.
  7059 | D:10     | Noticed an elephant
  7092 | D:10     | Killed an elephant
  7148 | D:10     | Reached *** piety under Makhleb
  7512 | D:11     | Noticed a hill giant
  7520 | D:11     | Killed a hill giant
  7520 | D:11     | Reached skill level 5 in Invocations
  7736 | D:11     | Noticed a cyclops
  7837 | D:11     | Found a staircase to the Orcish Mines.
  7872 | D:11     | Reached XP level 11. HP: 49/93 MP: 13/13
  8243 | Orc:1    | Entered Level 1 of the Orcish Mines
  8262 | D:11     | Reached **** piety under Makhleb
  8407 | Orc:1    | Noticed Malhgor's ghost (journeyman DDFi)
  8411 | Orc:1    | Reached skill level 5 in Fighting
  8425 | Orc:1    | Found a bloodstained altar of Trog.
  8503 | Orc:1    | Reached skill level 12 in Axes
  8562 | Orc:1    | Reached ***** piety under Makhleb
  9010 | D:5      | Bought the amulet "Pecozol" {rMut Str+2 Slay+3} for 638 gold pieces
  9448 | D:11     | Killed a cyclops
  9770 | D:12     | Noticed Nessos
  9808 | D:12     | Killed Nessos
  9981 | D:12     | Reached skill level 13 in Axes
 10398 | D:12     | Noticed inmateoo's ghost (journeyman GrIE)
 10601 | D:8      | Bought a scroll of identify for 28 gold pieces
 10701 | Orc:1    | Noticed Naotel the pandemonium lord
 10706 | Orc:1    | Killed Malhgor's ghost
 10706 | Orc:1    | Reached XP level 12. HP: 37/105 MP: 13/13
 11131 | Orc:3    | Noticed Maurice
 11345 | D:5      | Bought an uncursed ring of see invisible for 150 gold pieces
 11570 | Orc:3    | Killed Maurice
 11670 | Orc:3    | Noticed Snorg
 11687 | Orc:3    | HP: 4/106 [Snorg (7)]
 11693 | Orc:3    | Killed Snorg
 11708 | Orc:3    | Reached ****** piety under Makhleb
 11852 | Orc:3    | Noticed an orc warlord
 12274 | D:13     | Noticed a centaur warrior
 12327 | D:13     | Killed a centaur warrior
 12327 | D:13     | Reached skill level 14 in Axes
 12407 | D:13     | Found a frozen archway.
 12462 | IceCv    | Entered an ice cave
 12527 | IceCv    | Reached skill level 10 in Armour
 12916 | IceCv    | Reached skill level 10 in Invocations
 13093 | D:13     | Noticed Sonja
 13175 | D:13     | HP: 5/109 [very large slime creature (45)]
 13582 | D:13     | Noticed a six-headed hydra
 13604 | D:12     | Reached XP level 13. HP: 95/117 MP: 9/11
 13702 | D:9      | Bought a scroll of identify for 30 gold pieces
 13702 | D:9      | Identified a scroll of acquirement
 13714 | D:9      | Bought a scroll of identify for 30 gold pieces
 13725 | D:9      | Learned a level 6 spell: Haste
 13727 | D:9      | Bought a scroll of identify for 30 gold pieces
 13866 | Orc:3    | Killed an orc warlord
 14119 | Orc:3    | Reached skill level 15 in Axes
 14341 | Orc:3    | Found a staircase to the Elven Halls.
 14475 | Orc:2    | Noticed Erolcha
 14494 | Orc:2    | Killed Erolcha
 14919 | D:8      | Bought a scroll of brand weapon for 280 gold pieces
 15054 | D:12     | Killed inmateoo's ghost
 15187 | D:13     | Killed Sonja
 15192 | D:13     | Killed a five-headed hydra
 15351 | D:13     | Noticed a centaur warrior
 15357 | D:13     | Killed a centaur warrior
 15535 | D:13     | Noticed a centaur warrior
 15548 | D:13     | Killed a centaur warrior
 15611 | D:13     | Found a sacrificial altar of Ru.
 16342 | Orc:4    | Entered Level 4 of the Orcish Mines
 16478 | Orc:4    | Found Moeny's Jewellery Shoppe.
 16773 | Orc:4    | Found Iluggawk's Magic Scroll Shop.
 16786 | Orc:4    | Reached skill level 16 in Axes
 16814 | Orc:4    | Found a radiant altar of Vehumet.
 16883 | Orc:4    | Paralysed by an orc sorcerer for 4 turns
 16940 | Orc:4    | Noticed Nergalle
 16941 | Orc:4    | Found an ancient bone altar of Kikubaaqudgha.
 16955 | Orc:4    | Killed Nergalle
 16991 | Orc:4    | Found a roughly hewn altar of Beogh.
 16991 | Orc:4    | Found Cossos Evve's Antique Armour Boutique.
 17016 | Orc:4    | Found Mackaon's Gadget Shop.
 17032 | Orc:4    | Found Doorymn's Antique Armour Boutique.
 17043 | Orc:4    | Bought an embroidered cloak for 117 gold pieces
 17127 | Orc:4    | Gained mutation: You resist negative energy. [Deep Dwarf growth]
 17127 | Orc:4    | Reached XP level 14. HP: 127/127 MP: 12/12
 17349 | Orc:4    | Found Aqoicaf's General Store.
 17553 | Lair:1   | Entered Level 1 of the Lair of Beasts
 17572 | Lair:1   | Learned a level 6 spell: Deflect Missiles
 19858 | Lair:4   | Found a staircase to the Shoals.
 19872 | Lair:4   | Noticed Josephine
 19886 | Lair:4   | Killed Josephine
 20016 | Lair:4   | Found a staircase to the Snake Pit.
 20127 | Lair:4   | Reached skill level 17 in Axes
 20732 | Lair:5   | Got a steaming zirconium amulet
 20733 | Lair:5   | Identified the amulet "Lyudag" {+Rage Str+4 Dex+4 Slay-2} (You acquired it on level 5 of the Lair of Beasts)
 21681 | Lair:6   | Reached skill level 10 in Fighting
 21785 | Lair:6   | Identified a +3 rod of inaccuracy (11/11) (You found it on level 6 of the Lair of Beasts)
 22021 | Lair:7   | Found a dark tunnel.
 22029 | Volcano  | Entered a volcano
 22272 | Lair:7   | Reached XP level 15. HP: 107/138 MP: 14/14
 22342 | Lair:7   | Found a staircase to the Slime Pits.
 23146 | Lair:8   | Entered Level 8 of the Lair of Beasts
 23152 | Lair:8   | Reached skill level 18 in Axes
 23158 | Lair:8   | Got a faintly humming cloak
 23173 | Lair:7   | Identified the +0 cloak of Lobb {rElec Str+3} (You found it on level 8 of the Lair of Beasts)
 24031 | Snake:1  | Entered Level 1 of the Snake Pit
 25021 | Snake:2  | Reached XP level 16. HP: 150/150 MP: 6/16
 25156 | Snake:2  | Reached skill level 19 in Axes
 25165 | Snake:2  | Found Umnumom's Food Shop.
 25342 | Snake:2  | Noticed Norris
 25360 | Snake:2  | Killed Norris
 25421 | Snake:2  | Found Ynkuli's Armour Shop.
 25443 | Snake:2  | Found Hioblat's Antique Weapon Shop.
 25655 | Snake:2  | Found Seskuax's Weapon Shop.
 26393 | Snake:3  | Noticed Aizul
 26407 | Snake:3  | Killed Aizul
 26549 | Snake:4  | Entered Level 4 of the Snake Pit
 26639 | Snake:4  | Found a snail-covered altar of Cheibriados.
 26836 | Snake:4  | Cast into the Abyss (the power of Zot)
 27065 | Abyss:2  | Reached skill level 5 in Dodging
 27071 | Abyss:2  | Noticed a tentacled monstrosity
 27071 | Abyss:2  | Noticed a tentacled starspawn
 27343 | Abyss:2  | Found a corrupted altar of Lugonu.
 27383 | Abyss:2  | Noticed a tentacled starspawn
 27389 | Abyss:2  | Killed a tentacled starspawn
 27402 | Abyss:2  | Noticed a tentacled starspawn
 27402 | Abyss:2  | Noticed a tentacled starspawn
 27416 | Abyss:2  | Killed a tentacled starspawn
 27420 | Abyss:2  | Killed a tentacled starspawn
 27420 | Abyss:2  | Reached skill level 20 in Axes
 27482 | Abyss:2  | Noticed a bone dragon
 27595 | Abyss:2  | Reached XP level 17. HP: 159/159 MP: 15/17
 27715 | Abyss:2  | Found a corrupted altar of Lugonu.
 27749 | Snake:4  | Escaped the Abyss
 27905 | Snake:4  | Reached skill level 15 in Evocations
 27999 | Snake:4  | Noticed Nikola
 28018 | Snake:4  | Killed Nikola
 28168 | Snake:4  | Found Qooph's Antique Weapon Shoppe.
 28681 | Snake:4  | Got a serpentine rune of Zot
 29785 | D:14     | Found a gate to the Vaults.
 29801 | D:14     | Reached skill level 21 in Axes
 30096 | D:15     | Entered Level 15 of the Dungeon
 30393 | D:15     | Found a white marble altar of Elyvilon.
 30524 | D:15     | Found a staircase to the Depths.
 30700 | Vaults:1 | Entered Level 1 of the Vaults
 30800 | Vaults:1 | Gained mutation: You passively map a large area around you. [Deep Dwarf growth]
 30800 | Vaults:1 | Reached XP level 18. HP: 170/170 MP: 18/18
 30817 | Vaults:1 | Noticed a lich
 30827 | Vaults:1 | Killed a lich
 31191 | Vaults:1 | Noticed Urug
 31245 | Vaults:1 | Killed Urug
 31573 | Vaults:1 | Cast into the Abyss (hell knight)
 31596 | Abyss:1  | Noticed a tentacled starspawn
 31613 | Abyss:1  | Noticed a tentacled starspawn
 31615 | Abyss:1  | Noticed a hellephant
 31625 | Abyss:1  | Killed a tentacled starspawn
 31630 | Abyss:1  | Noticed a lich
 31913 | Abyss:1  | Found a corrupted altar of Lugonu.
 32017 | Vaults:1 | Escaped the Abyss
 32316 | Vaults:1 | Reached skill level 22 in Axes
 32608 | Vaults:1 | Got a scorched tin amulet
 32610 | Vaults:1 | Identified the amulet "Cytooko" {rCorr MR+} (You took it off a human on level 1 of the Vaults)
 32950 | Vaults:2 | Noticed Saint Roka
 32969 | Vaults:2 | Killed Saint Roka
 32976 | Vaults:2 | Reached XP level 19. HP: 137/181 MP: 20/20
 33715 | Vaults:2 | Reached skill level 10 in Dodging
 33833 | Vaults:2 | Found Uceucimn's Antique Weapon Shoppe.
 34027 | Vaults:2 | Found a staircase to the Crypt.
 36784 | Vaults:3 | Reached skill level 1 in Crossbows
 37254 | Vaults:3 | Reached skill level 23 in Axes
 37928 | Vaults:4 | Reached skill level 15 in Armour
 37999 | Vaults:4 | Reached XP level 20. HP: 162/192 MP: 22/22
 38226 | Vaults:4 | Noticed Donald
 38233 | Vaults:4 | Killed Donald
 38407 | Vaults:4 | Reached skill level 5 in Crossbows
 39381 | Shoals:1 | Entered Level 1 of the Shoals
 39558 | Shoals:1 | Found Exomy's Antique Weapon Emporium.
 41277 | Shoals:4 | Entered Level 4 of the Shoals
 41337 | Shoals:4 | Got a barnacled rune of Zot
 41383 | Shoals:4 | Reached skill level 15 in Fighting
 41657 | Shoals:4 | Noticed Ilsuiw
 41736 | Shoals:4 | Killed Ilsuiw
 41736 | Shoals:4 | Reached XP level 21. HP: 163/201 MP: 23/23
 41860 | Shoals:4 | Reached skill level 24 in Axes
 41927 | Shoals:4 | Found a bloodstained altar of Trog.
 42508 | Vaults:2 | Bought the +6 arbalest "Hellfire" {hellfire, rF++ rC- MR+} for 2304 gold pieces
 42721 | Depths:1 | Entered Level 1 of the Depths
 43033 | Elf:1    | Entered Level 1 of the Elven Halls
 43372 | Elf:1    | Got a heavily runed golden ring
 43377 | Elf:1    | Identified the ring of Qubuyx {+Fly Stlth-} (You took it off a deep elf demonologist on level 1 of the Elven Halls)
 43658 | Elf:1    | Identified Sif Muna's Collected Works on the Escort (You found it on level 1 of the Elven Halls)
 44150 | Elf:2    | Found a huge runed gate.
 44150 | Elf:2    | Found a huge runed gate.
 44150 | Elf:2    | Found a huge runed gate.
 44150 | Elf:2    | Found a huge runed gate.
 44150 | Elf:2    | Found a huge runed gate.
 44831 | Elf:3    | Entered Level 3 of the Elven Halls
 45698 | Elf:3    | Reached XP level 22. HP: 212/212 MP: 22/22
 45886 | Elf:3    | Learned a level 8 spell: Necromutation
 45895 | Elf:3    | Got a transparent golden amulet
 45896 | Elf:3    | Identified the amulet of Hard Scrabble {rCorr Slay+5} (You found it on level 3 of the Elven Halls)
 45918 | Elf:3    | Identified a +2 rod of destruction (14/14) (You found it on level 3 of the Elven Halls)
 45994 | Elf:3    | Reached skill level 25 in Axes
 46507 | Depths:1 | Found Zutiowk's Elemental Accessories.
 46562 | Depths:1 | Reached skill level 10 in Crossbows
 46734 | Depths:1 | Found a gateway to Hell.
 46848 | Depths:1 | Found a one-way gate to the infinite horrors of the Abyss.
 47798 | Depths:2 | Mangled by a caustic shrike

Action                   |  1- 3 |  4- 6 |  7- 9 | 10-12 | 13-15 | 16-18 | 19-21 | 22-24 || total
-------------------------+-------+-------+-------+-------+-------+-------+-------+-------++-------
Melee: War axe           |   160 |   140 |   512 |  1439 |    87 |       |       |       ||  2338
       Battleaxe         |       |       |       |    26 |  1455 |   783 |       |       ||  2264
       Hand axe          |       |       |       |       |    87 |     8 |       |       ||    95
       Executioner's axe |       |       |       |       |       |   649 |  1648 |   351 ||  2648
 Fire: Arbalest          |       |       |       |       |       |       |       |     4 ||     4
Throw: Throwing net      |       |       |     1 |       |       |       |       |       ||     1
Invok: Lesser Servant of |       |       |       |    10 |     4 |       |       |       ||    14
       Greater Servant o |       |       |       |       |       |     5 |     2 |       ||     7
 Abil: Device Recharging |       |       |     5 |     5 |       |     1 |     2 |       ||    13
Evoke: Wand              |     1 |     3 |    30 |    58 |     9 |    16 |    11 |     2 ||   130
       Fan of gales      |       |       |       |     3 |       |     1 |       |       ||     4
       Deck              |       |       |       |     3 |     1 |       |     1 |       ||     5
       Rod               |       |       |       |       |       |     7 |       |       ||     7
       Lamp of fire      |       |       |       |       |       |     5 |     2 |     2 ||     9
       Disc of storms    |       |       |       |       |       |     3 |    31 |       ||    34
  Use: Potion            |       |     6 |     4 |     2 |     1 |     3 |     4 |       ||    20
       Scroll            |       |     5 |    10 |    10 |    17 |    16 |     9 |     4 ||    71
 Stab: Paralysed         |       |       |     1 |       |       |     1 |       |       ||     2
       Distracted        |       |       |       |     4 |     1 |     1 |     1 |     1 ||     8
       Confused          |       |       |       |     1 |       |       |       |       ||     1
  Eat: Chunk             |     2 |     3 |     2 |    10 |    22 |     3 |    11 |     4 ||    57
       Meat ration       |       |     1 |     1 |     3 |     3 |     3 |     2 |     1 ||    14
       Beef jerky        |       |       |       |     1 |       |     1 |     1 |       ||     3
       Royal jelly       |       |       |       |     1 |       |       |     2 |       ||     3
       Fruit             |       |       |       |       |    11 |    14 |    11 |       ||    36
       Bread ration      |       |       |       |       |     1 |       |       |       ||     1
